 Dungeon Crawl Stone Soup version 0.23.1 (webtiles) character file.

Game seed: 11658602043940466104

32043 poirepourri the Peltast (level 13, -12/86 HPs)
             Began as a Gargoyle Fighter on Mar 4, 2019.
             Was the Champion of Cheibriados.
             Mangled by a meliai
             ... wielding a +0 broad axe
              (17 damage)
             ... on level 15 of the Dungeon.
             The game lasted 00:17:48 (14862 turns).

poirepourri the Peltast (Gargoyle Fighter)         Turns: 14862, Time: 00:17:49

Health: -12/86     AC: 24    Str: 39    XL:     13   Next: 62%
Magic:  13/13      EV:  9    Int: 24    God:    Cheibriados [******]
Gold:   474        SH: 18    Dex: 30    Spells: 12/12 levels left

rFire    . . .     SeeInvis .   a - +2 flail (venom)
rCold    . . .     Gourm    .   c - +0 shield
rNeg     + . .     Faith    .   y - +1 chain mail {MR+}
rPois    ∞         Spirit   .   G - +2 hat
rElec    +         Reflect  .   h - scarf {cloud immunity}
rCorr    +         Harm     .   x - +1 pair of gloves {Str+3}
MR       +....                  (no boots)
Stlth    ..........             (no amulet)
HPRegen  0.24/turn              m - ring of Pride {rCorr Slay+6}
MPRegen  0.13/turn              F - +2 ring of dexterity

@: very slow
A: negative energy resistance 1, electricity resistance, unbreathing,
petrification resistance, rot immunity, AC +9
a: Bend Time, Temporal Distortion, Slouch, Step From Time, Renounce Religion


You were on level 15 of the Dungeon.
You worshipped Cheibriados.
Cheibriados was exalted by your worship.
You were not hungry.

You visited 2 branches of the dungeon, and saw 16 of its levels.

You collected 701 gold pieces.
You spent 227 gold pieces at shops.

Inventory:

Hand Weapons
 a - a +2 flail of venom (weapon)
 b - a +1 flail of holy wrath
Missiles
 d - 65 bolts
 e - 7 javelins
 t - 2 throwing nets (quivered)
Armour
 c - a +0 shield (worn)
 h - a scarf of cloud immunity (worn)
 x - a +1 pair of gloves of strength (worn)
 y - a +1 chain mail of magic resistance (worn)
 G - a +2 hat (worn)
Jewellery
 g - an uncursed ring of positive energy
 m - the ring of Pride (left hand) {rCorr Slay+6}
   (You found it on level 9 of the Dungeon)

   [ring of resist corrosion]

   It affects your accuracy and damage with ranged weapons and melee attacks
   (+6).
 o - a +3 ring of evasion
 F - a +2 ring of dexterity (right hand)
Wands
 r - a wand of disintegration (25)
 D - a wand of iceblast (1)
Scrolls
 i - 5 scrolls of amnesia
 k - 4 scrolls of fog
 v - 4 scrolls of remove curse
 A - a scroll of magic mapping
Potions
 j - 5 potions of flight
 l - 5 potions of curing
 p - a potion of magic
 s - a potion of ambrosia
 B - 2 potions of agility {unknown}
 C - a potion of brilliance
 I - 2 potions of cancellation {unknown}
Comestibles
 f - 15 rations


   Skills:
 - Level 12.1 Fighting
 - Level 14.0 Maces & Flails
 + Level 3.7 Armour
 - Level 15.2 Shields


You had 12 spell levels left.
You didn't know any spells.
Your spell library was empty.

Dungeon Overview and Level Annotations

Branches:
Dungeon (15/15)            Temple (1/1) D:4            Lair (0/6) D:9
    Orc (0/2) D:12         Vaults (0/5) D:13
 Depths: D:15

Altars:
Ashenzari
Cheibriados
Dithmenos
Elyvilon
Fedhas
Gozag
Hepliaklqana
Kikubaaqudgha
Makhleb
Nemelex Xobeh
Okawaru
Qazlal
Ru
Sif Muna
Trog
Uskayaw
Vehumet
Wu Jian
Xom
Yredelemnul
Zin
The Shining One

Shops:
D:4 [   D:6 *   D:7 [


Innate Abilities, Weirdness & Mutations

You are resistant to torment.
Your stone body is resilient. (AC +9)
You are immune to poison.
You resist negative energy. (rN+)
You are resistant to electric shocks. (rElec)
You can survive without breathing.
You are immune to petrification.
You are immune to rotting.


Message History

You feel better.
You block the meliai's attack. x2; The meliai misses you.
The meliai stings you but does no damage.
The meliai calls down the wrath of its god upon you.
Something smites you!
* * * LOW HITPOINT WARNING * * *
You block the killer bee's attack. x2; The meliai hits you but does no damage.
The meliai stings you.
* * * LOW HITPOINT WARNING * * *
The meliai hits you but does no damage.
The meliai stings you but does no damage.
The meliai invokes the aid of its god against you.
Something smites you!
* * * LOW HITPOINT WARNING * * *
The killer bee barely misses you.
The killer bee stings you but does no damage.
You fail to use your ability.
The meliai barely misses you. The meliai stings you.
* * * LOW HITPOINT WARNING * * *
The meliai hits you with a +0 broad axe!
You die...

#...)#.#........#######..#
#....#.####.##...........#
####.#.# #.##.).......#.#
#.#.# #.##)).......#.
#######.#.####.##..[..........
.............[....)......##...
........................##
.... ........................#
.## ...............y@y......#
. ....<..........yyy.....##
................††.....#
.......................#
................y......#
.......................#
...............?.........
.......................#..
.....).................+ .


You could see a queen bee, 3 meliai and 2 killer bees.

Vanquished Creatures
  Frances (D:12)
  Snorg (D:12)
  Josephine (D:13)
  A rakshasa (D:15)
  3 hydras
  2 centaur warriors
  4 two-headed ogres
  A skeletal warrior (D:14)
  A wizard (D:14)
  Pikel (D:6)
  A necromancer (D:14)
  A deep elf mage (D:8)
  2 cyclopes
  An ugly thing (D:12)
  A centaur zombie (D:12)
  A kobold demonologist (D:14)
  2 komodo dragons (D:13)
  3 trolls
  A polar bear (shapeshifter) (D:13)
  Grinder (D:5)
  2 dream sheep (D:8)
  8 slime creatures
  16 yaks
  A spriggan (shapeshifter) (D:13)
  A vampire (D:13)
  A basilisk (D:9)
  A tarantella (shapeshifter) (D:13)
  4 wraiths (D:13)
  Eustachio (D:5)
  4 vampire mosquitoes (D:12)
  Menkaure (D:6)
  A steam dragon (D:13)
  A hungry ghost (D:9)
  An acid dragon (D:13)
  Edmund (D:4)
  Duvessa (D:3)
  2 eyes of draining
  2 ice beasts
  8 orc warriors
  3 sky beasts
  2 black bears
  A hornet zombie (D:5)
  3 phantoms
  6 ogres
  13 centaurs
  7 big kobolds
  5 bullfrogs
  3 wyvern zombies
  A gnoll sergeant (D:8)
  A wyvern skeleton (D:13)
  Dowan (D:3)
  7 scorpions
  14 killer bees
  3 wights (D:12)
  3 electric eels (D:14)
  2 howler monkeys
  A crimson imp (D:13)
  A gnoll shaman (D:5)
  5 orc priests
  9 hounds
  3 jellies
  5 orc wizards
  Crazy Yiuf (D:5)
  9 centaur skeletons
  2 bullfrog skeletons
  3 iguanas
  12 worker ants
  A killer bee zombie (D:6)
  15 adders
  9 gnolls
  3 shadow imps
  4 oozes
  An adder skeleton (D:4)
  2 worms
  2 dart slugs
  5 leopard geckos
  44 orcs
  2 ball pythons
  3 giant cockroaches
  8 goblins
  4 hobgoblins
  18 jackals
  24 kobolds
  A quokka (D:6)
  7 bats
  6 frilled lizards
  2 leopard gecko skeletons
  A quokka zombie (D:3)
  3 rats
378 creatures vanquished.

Vanquished Creatures (others)
  An adder skeleton (D:6)
  2 kobolds (D:14)
  2 plants (D:14)
5 creatures vanquished.

Grand Total: 383 creatures vanquished

Notes
Turn   | Place    | Note
-------+----------+-------------------------------------------
     0 | D:1      | poirepourri the Gargoyle Fighter began the quest for the
                  | Orb.
     0 | D:1      | Reached XP level 1. HP: 14/14 MP: 1/1
   120 | D:1      | Reached XP level 2. HP: 19/19 MP: 2/2
   461 | D:1      | Reached XP level 3. HP: 21/23 MP: 3/3
  1016 | D:2      | Found a burning altar of Makhleb.
  1061 | D:2      | Reached XP level 4. HP: 28/28 MP: 4/4
  1650 | D:3      | Found a faded altar of an unknown god.
  1780 | D:3      | Reached skill level 5 in Maces & Flails
  1780 | D:3      | Reached XP level 5. HP: 26/32 MP: 5/5
  2312 | D:4      | Noticed Duvessa
  2312 | D:4      | Noticed Dowan
  2604 | D:3      | Reached XP level 6. HP: 37/37 MP: 6/6
  3114 | D:3      | Killed Duvessa
  3131 | D:3      | Killed Dowan
  3131 | D:3      | Reached skill level 5 in Fighting
  3253 | D:4      | Found Qodox's Antique Armour Emporium.
  3301 | D:4      | Reached XP level 7. HP: 30/44 MP: 7/7
  3373 | D:4      | Found a staircase to the Ecumenical Temple.
  3374 | D:4      | Noticed Edmund
  3408 | D:4      | Killed Edmund
  3825 | Temple   | Entered the Ecumenical Temple
  4049 | Temple   | Became a worshipper of Cheibriados the Contemplative
  4223 | D:5      | Entered Level 5 of the Dungeon
  4223 | D:5      | Noticed Grinder
  4629 | D:5      | Noticed Eustachio
  4642 | D:5      | Killed Eustachio
  4642 | D:5      | Reached XP level 8. HP: 45/55 MP: 8/8
  4911 | D:5      | Killed Grinder
  5655 | D:5      | Found a runed translucent door.
  5656 | D:5      | Noticed Crazy Yiuf
  5670 | D:5      | Killed Crazy Yiuf
  5670 | D:5      | Reached * piety under Cheibriados
  5970 | D:6      | Reached XP level 9. HP: 59/61 MP: 9/9
  6107 | D:6      | You fall through a shaft for 3 floors!
  6800 | D:7      | Found an ornate altar of the Wu Jian Council.
  6912 | D:6      | Reached ** piety under Cheibriados
  6944 | D:6      | Found a sacrificial altar of Ru.
  6992 | D:6      | Found a radiant altar of Vehumet.
  7053 | D:6      | Found a white marble altar of Elyvilon.
  7054 | D:6      | Found a shimmering altar of Xom.
  7100 | D:6      | Noticed Pikel
  7128 | D:6      | Killed Pikel
  7128 | D:6      | Reached skill level 10 in Maces & Flails
  7184 | D:6      | Noticed Menkaure
  7191 | D:6      | Killed Menkaure
  7313 | D:6      | You fall through a shaft!
  7398 | D:6      | Found Orghevupt's General Store.
  7402 | D:6      | Bought a +0 pair of gloves of strength for 149 gold pieces
  7402 | D:6      | Bought a potion of curing for 39 gold pieces
  7402 | D:6      | Bought a scroll of remove curse for 39 gold pieces
  7664 | D:7      | Found a shattered altar of Ashenzari.
  7723 | D:7      | Found Womie's Antique Armour Emporium.
  8115 | D:8      | Reached XP level 10. HP: 61/66 MP: 10/10
  8454 | D:8      | Noticed a three-headed hydra
  8469 | D:8      | Killed a three-headed hydra
  8537 | D:8      | Reached *** piety under Cheibriados
  8544 | D:8      | Noticed a deep elf mage
  8552 | D:8      | Killed a deep elf mage
  9274 | D:9      | Found a staircase to the Lair.
  9329 | D:9      | Noticed a two-headed ogre
  9340 | D:9      | Killed a two-headed ogre
  9340 | D:9      | Reached XP level 11. HP: 33/71 MP: 11/11
  9577 | D:9      | Reached skill level 10 in Fighting
  9636 | D:9      | Reached **** piety under Cheibriados
  9754 | D:9      | Got a scorched brass ring
 10126 | D:10     | Entered Level 10 of the Dungeon
 10189 | D:10     | Identified the ring of Pride {rCorr Slay+6} (You found it
                  | on level 9 of the Dungeon)
 10991 | D:11     | Reached ***** piety under Cheibriados
 11627 | D:12     | Found a staircase to the Orcish Mines.
 11644 | D:12     | Reached skill level 4 in Shields
 11685 | D:12     | Noticed a two-headed ogre
 11691 | D:12     | Killed a two-headed ogre
 11691 | D:12     | Reached skill level 5 in Shields
 11838 | D:12     | Noticed a cyan ugly thing
 11850 | D:12     | Killed a cyan ugly thing
 11866 | D:12     | Reached skill level 6 in Shields
 11901 | D:12     | Noticed Snorg
 11924 | D:12     | Killed Snorg
 11924 | D:12     | Reached skill level 7 in Shields
 11924 | D:12     | Reached XP level 12. HP: 78/81 MP: 12/12
 11934 | D:12     | Got a slimy chain mail
 11945 | D:12     | Identified the +5 chain mail of Juyppuj {Str+4 Slay-6} (You
                  | found it on level 12 of the Dungeon)
 12020 | D:12     | Reached skill level 8 in Shields
 12074 | D:12     | Noticed Frances
 12086 | D:12     | Killed Frances
 12086 | D:12     | Reached skill level 9 in Shields
 12400 | D:13     | Noticed a four-headed hydra
 12401 | D:13     | Found a gate to the Vaults.
 12402 | D:13     | Noticed a centaur warrior
 12412 | D:13     | Killed a four-headed hydra
 12412 | D:13     | Reached skill level 10 in Shields
 12444 | D:13     | Killed a centaur warrior
 12444 | D:13     | Reached ****** piety under Cheibriados
 12448 | D:13     | Reached skill level 11 in Shields
 12594 | D:13     | Reached skill level 12 in Shields
 12991 | D:13     | Noticed Josephine
 13003 | D:13     | Killed Josephine
 13010 | D:13     | Reached XP level 13. HP: 35/86 MP: 13/13
 13023 | D:13     | Reached skill level 13 in Shields
 13473 | D:13     | Found a shadowy altar of Dithmenos.
 13963 | D:13     | Reached skill level 14 in Shields
 14357 | D:14     | Noticed a vampire knight
 14369 | D:14     | Reached skill level 15 in Shields
 14372 | D:14     | Noticed a yaktaur captain
 14512 | D:15     | Entered Level 15 of the Dungeon
 14533 | D:15     | Noticed a rakshasa
 14572 | D:15     | Killed a rakshasa
 14862 | D:15     | Mangled by a meliai

Skill      XL: |  1  2  3  4  5  6  7  8  9 10 11 12 13 |
---------------+----------------------------------------+-----
Maces & Flails | 3 4 5 6 7 11 14 | 14.0
Fighting       | 5 8 9 12 | 12.1
Shields        | 7 12 15 | 15.2
Armour         | |  3.7

Action                   |  1- 3 |  4- 6 |  7- 9 | 10-12 | 13-15 || total
-------------------------+-------+-------+-------+-------+-------++-------
Melee: Flail             |    92 |   209 |   473 |   689 |   249 ||  1712
Invok: Slouch            |       |       |       |       |     1 ||     1
Evoke: Wand              |       |       |    12 |    10 |     6 ||    28
  Use: Scroll            |     2 |     7 |     7 |     8 |     6 ||    30
       Potion            |       |     6 |       |     4 |     5 ||    15
 Stab: Paralysed         |       |       |    10 |       |       ||    10
  Eat: Ration            |       |     3 |     3 |     4 |     1 ||    11
       Chunk             |       |       |       |     1 |       ||     1
Armor: Scale mail        |    39 |   123 |   363 |   103 |       ||   628
       Chain mail        |       |       |       |   184 |   155 ||   339
Dodge: Dodged            |    27 |    70 |    92 |   195 |    63 ||   447
Block: Shield            |    46 |   115 |   257 |   386 |   269 ||  1073
